 Dungeon Crawl Stone Soup version 0.19.5 (webtiles) character file.

104 Mesmaeker13 the Cudgeler (level 5, -1/40 HPs)
             Began as a Human Gladiator on Apr 30, 2017.
             Killed by divine providence
             ... invoked by an orc priest
              (14 damage)
             ... on level 3 of the Dungeon.
             The game lasted 00:03:29 (1559 turns).

Mesmaeker13 the Cudgeler (Human Gladiator)          Turns: 1559, Time: 00:03:30

Health: -1/40      AC:  6    Str: 16    XL:     5   Next: 7%
Magic:  5/5        EV: 12    Int: 13    God:
Gold:   170        SH:  0    Dex: 13    Spells: 0 memorised, 4 levels left

rFire  . . .     SeeInvis .     a - +0 flail
rCold  . . .     Gourm    .     k - +0 ring mail
rNeg   . . .     Faith    .     (no shield)
rPois  .         Spirit   .     c - +0 helmet
rElec  .         Reflect  .     (no cloak)
rCorr  .         Harm     .     (no gloves)
MR     .....                    (no boots)
Stlth  +.........               (no amulet)
                                (no ring)
                                i - +4 ring of intelligence

@: no status effects
A: no striking features
a: no special abilities


You were on level 3 of the Dungeon.
You were not hungry.

You visited 1 branch of the dungeon, and saw 3 of its levels.

You collected 170 gold pieces.

Inventory:

Hand Weapons
 a - a +0 flail (weapon)
Armour
 c - a +0 helmet (worn)
 k - a +0 ring mail (worn)
Jewellery
 i - a +4 ring of intelligence (left hand)
Wands
 t - a wand of confusion (36/48)
Scrolls
 j - 2 scrolls of remove curse
 m - a scroll of enchant armour {unknown}
 p - a scroll of teleportation {unknown}
 r - a scroll of enchant weapon {unknown}
 s - a scroll of recharging {unknown}
Potions
 e - a potion of heal wounds {unknown}
 l - 2 potions of curing
 n - 2 potions of cancellation
 o - a potion of magic {unknown}
 q - 2 potions of ambrosia {unknown}
Comestibles
 f - a bread ration
 h - 2 beef jerkies


   Skills:
 + Level 2.8 Fighting
 + Level 3.8 Maces & Flails
 + Level 3.0 Throwing
 + Level 3.6 Dodging


You had 4 spell levels left.
You didn't know any spells.

Dungeon Overview and Level Annotations

Branches:
Dungeon (3/15)

Altars:
Fedhas


Message History

The leopard gecko is moderately wounded.
The leopard gecko closely misses you.
You sock the leopard gecko!
You kill the leopard gecko!
The orc priest invokes the aid of Beogh against you.
Pain shoots through your body!
You hit the orc priest but do no damage.
The orc priest mumbles some strange prayers to Beogh against you.
Beogh smites you!
* * * LOW HITPOINT WARNING * * *
You are too injured to fight recklessly!
You feel better. The orc priest misses you.
Throwing (i - inventory):
d - a throwing net (quivered)
Press: ? - help, Shift-Dir - straight line, f - orc priest
Aim: an orc priest, wielding a dagger and wearing a chain mail You throw a throwing net.
The throwing net hits the orc priest.
The orc priest is caught in the net!
The orc priest mumbles some strange prayers to Beogh against you.
Beogh smites you!
You die...

(... ... #g......... ...
#.........# .. #.........#
#.## .......... ..#
#........# #o#
###........# #@#
...........# #(##
....(####### #..#
...........# ##.## #
...........# #..# .#
...).......# ##.#..##..
...........#######.......8
.....................###..
...<................>....


You could see an orc priest (caught).

Vanquished Creatures
  3 adders (D:2)
  2 dart slugs
  4 leopard geckos
  3 orcs (D:3)
  A ball python (D:3)
  3 bats
  A giant cockroach (D:2)
  8 hobgoblins
  9 jackals
  10 kobolds
  5 frilled lizards
  7 goblins
  7 rats
63 creatures vanquished.

Notes
Turn   | Place    | Note
-------+----------+-------------------------------------------
     0 | D:1      | Mesmaeker13 the Human Gladiator began the quest for the Orb.
     0 | D:1      | Reached XP level 1. HP: 16/16 MP: 1/1
    93 | D:1      | Reached XP level 2. HP: 9/22 MP: 2/2
   270 | D:1      | Reached XP level 3. HP: 17/27 MP: 3/3
   845 | D:2      | Reached XP level 4. HP: 33/34 MP: 4/4
   891 | D:2      | Found a blossoming altar of Fedhas.
  1436 | D:3      | Reached XP level 5. HP: 38/39 MP: 5/5
  1559 | D:3      | Killed from afar by an orc priest

Skill      XL: |  1  2  3  4  5 |
---------------+----------------+-----
Throwing       | 3 |  3.0
Fighting       | |  2.8
Maces & Flails | |  3.8
Dodging        | |  3.6

Action                   |  1- 3 |  4- 6 || total
-------------------------+-------+-------++-------
Melee: Flail             |    89 |    97 ||   186
Throw: Throwing net      |     2 |     3 ||     5
  Use: Scroll            |       |     4 ||     4
       Potion            |       |     1 ||     1
  Eat: Chunk             |       |     2 ||     2
Armor: Leather armour    |    29 |    18 ||    47
       Ring mail         |       |    24 ||    24
Dodge: Dodged            |    72 |    77 ||   149
